 Dungeon Crawl Stone Soup version 0.31-a0-618-g7ca08c1ff9 (webtiles) character file.

Game seed: 9193748086781019548

79 spiderkeys the Sneak (level 4, -1/24 HPs)
             Began as a Kobold Enchanter on Aug 22, 2023.
             Succumbed to an adder's poison
             ... on level 2 of the Dungeon.
             The game lasted 00:02:23 (829 turns).

spiderkeys the Sneak (Kobold Enchanter)              Turns: 829, Time: 00:02:24

Health: -1/24      AC:  3    Str:  5    XL:     4   Next: 64%
Magic:  8/8        EV: 15    Int: 16    God:
Gold:   35         SH:  0    Dex: 17    Spells: 6/8 levels left

rFire   . . .        a - +1 dagger
rCold   . . .        (no shield)
rNeg    + . .        e - +1 robe {rN+}
rPois   .            (no helmet)
rElec   .            (no cloak)
rCorr   .            (no gloves)
SInv    .            (no boots)
Will    .....        (no amulet)
Stlth   ++++         (no ring)
HPRegen 0.24/turn    (no ring)
MPRegen 0.11/turn

%: no passive effects
@: lethally poisoned (-1 -> -11)
A: small, no large weapons, nightstalker 3
a: no special abilities


You were on level 2 of the Dungeon.
You visited 1 branch of the dungeon, and saw 2 of its levels.

You collected 35 gold pieces.


Innate Abilities, Weirdness & Mutations

You are small and have problems with some larger weapons.
You are completely attuned to the shadows.


   Skills:
 + Level 2.6 Short Blades
 + Level 3.2 Dodging
 + Level 4.8 Stealth
 + Level 2.8 Spellcasting
 + Level 3.4 Hexes


You had 6 spell levels left.
You knew the following spells:

 Your Spells              Type           Power      Damage    Failure   Level
e - Ensorcelled Hibernat  Hex/Ice        14%        N/A       14%         2

Your spell library contained the following spells:

 Spells                   Type           Power      Damage    Failure   Level
 Confusing Touch          Hex            13%        N/A       14%         3
 Tukima's Dance           Hex            13%        N/A       14%         3
 Dazzling Flash           Conj/Hex       14%        N/A       28%         3

Inventory:

Hand Weapons
 a - a +1 dagger (weapon)
Missiles
 g - 3 stones
Armour
 b - a +0 robe
 e - a +1 robe of positive energy (worn)
   (You found it on level 1 of the Dungeon)
Talismans
 f - a beast talisman
   (You found it on level 1 of the Dungeon)
Scrolls
 h - a scroll of identify {unknown}
Potions
 c - a potion of invisibility

Dungeon Overview and Level Annotations

Branches:
Dungeon (2/15) Zot: 11175

Altars:

##......#
#........
##......#
#.#....#.#
#..#..#..#
#...##...#
#...##...#
#..#..#..#
#.#....#@#
#.#....#S#
#.##..##.# .
#.##...#.# #.#.
#.##..##$#
....#####...##
....###.....#
#+#...#......#
......###...)##


You could see an adder.


Message History

😱 HP[+1]
You start resting.
You feel less attractive to monsters. 😱 HP[+3] MP[+2]
You regained 3 hp, and now have 6/24 hp.
You regained 2 mp, and now have 3/8 mp.
You start resting.
You flicker for a moment. 😨 HP[+1]
You start resting.
You flicker back into view. 😨 HP[+2] MP[+1]
You regained 2 hp, and now have 9/24 hp.
You start resting.
Your magical contamination has completely faded away.
You start resting. 😮 HP[+8] MP[+4]
You regained 8 hp, and now have 17/24 hp.
Your mp is fully restored (8).
Unknown command.
You start resting. 😎 HP[+7]
Your hp is fully restored (24).
An adder comes into view.
An adder is nearby!
An adder is nearby!
An adder is nearby!
The adder hisses angrily.
The adder bites you.
You are poisoned.
The adder poisons you! 😕 HP[-1]
You take 1 damage, and now have 23/24 hp.
You hit the adder.
You feel sick. The adder closely misses you. 😕 HP[-1]
You take 1 damage, and now have 22/24 hp.
You closely miss the adder. The adder bites you but does no damage.
You hit the adder.
You feel sick. The adder bites you. 😮 HP[-4]
You take 4 damage, and now have 18/24 hp.
You are too injured to fight recklessly!
You are too injured to fight recklessly!
You are too injured to fight recklessly!
You are too injured to fight recklessly!
You hit the adder.
You feel sick. The adder closely misses you. 😮 HP[-1]
You take 1 damage, and now have 17/24 hp.
You closely miss the adder.
You feel sick. The adder bites you. 😮 HP[-3]
You take 3 damage, and now have 14/24 hp.
You miss the adder.
You feel sick.
You are no longer poisoned.
The adder closely misses you.
The adder completely misses you. 😮 HP[-1]
You take 1 damage, and now have 13/24 hp.
You closely miss the adder. The adder closely misses you.
You hit the adder but do no damage. The adder closely misses you.
You miss the adder. The adder misses you.
You barely miss the adder. The adder closely misses you. 😮 HP[+1]
You closely miss the adder. The adder barely misses you.
You hit the adder. The adder barely misses you. The adder closely misses you.
You hit the adder. The adder bites you.
You are poisoned.
The adder poisons you! 😮 HP[-1]
You take 1 damage, and now have 13/24 hp.
You barely miss the adder.
You feel sick. The adder closely misses you. 😨 HP[-2]
You take 2 damage, and now have 11/24 hp.
You closely miss the adder.
You feel sick. The adder barely misses you.
You closely miss the adder.
You feel sick. The adder closely misses you. 😨 HP[-1]
You take 1 damage, and now have 10/24 hp.
You closely miss the adder.
You feel sick. The adder bites you.
* * * LOW HITPOINT WARNING * * *
You are lethally poisoned!
The adder poisons you! 😱 HP[-4]
You take 4 damage, and now have 6/24 hp.
You completely miss the adder.
* * * LOW HITPOINT WARNING * * *
You feel sick.
The adder bites you but does no damage. 😱 HP[-2]
You take 2 damage, and now have 4/24 hp.
You closely miss the adder.
* * * LOW HITPOINT WARNING * * *
You feel sick. The adder misses you. The adder closely misses you. 😱 HP[-1]
You take 1 damage, and now have 3/24 hp.
You miss the adder.
* * * LOW HITPOINT WARNING * * *
You feel sick. The adder bites you.
* * * LOW HITPOINT WARNING * * *
You are more poisoned.
The adder poisons you! 😱 HP[-2]
You take 2 damage, and now have 1/24 hp.
You closely miss the adder.
You die...

Skill      XL: |  1  2  3 |
---------------+----------+-----
Short Blades   | 2 |  2.6
Dodging        | 3 |  3.2
Stealth        | |  4.8
Spellcasting   | |  2.8
Hexes          | |  3.4

Action                     |  1- 3 |  4- 6 || total
---------------------------+-------+-------++-------
  Melee: Dagger            |    44 |    46 ||    90
         Punch             |     1 |       ||     1
   Cast: Ensorcelled Hiber |       |     3 ||     3
    Use: Potion            |       |     2 ||     2
   Stab: Sleeping          |     8 |     1 ||     9
         Invisible         |       |     2 ||     2
 Armour: Robe              |     4 |     8 ||    12
  Dodge: Dodged            |    21 |    38 ||    59

Levels and vault maps discovered:
D:1:      mushboom_english_gardens, layout_rooms,
          chequers_ecumenical_altar_island
D:2:      layout_basic, serial_shops, nicolae_shop_statue_plus,
          nicolae_half_adder

Notes
Turn   | Place    | Note
-------+----------+-------------------------------------------
     0 | D:1      | spiderkeys the Kobold Enchanter began the quest for the
                  | Orb.
     0 | D:1      | Reached XP level 1. HP: 10/10 MP: 3/3
     0 | D:1      | magus.rc [v1.11.6]
   152 | D:1      | Reached XP level 2. HP: 13/15 MP: 5/5
   354 | D:1      | Found a faded altar of an unknown god.
   432 | D:1      | Reached skill level 2 in Short Blades
   436 | D:1      | Reached XP level 3. HP: 19/19 MP: 6/6
   461 | D:1      | Learned a level 2 spell: Ensorcelled Hibernation
   540 | D:2      | Reached skill level 3 in Dodging
   540 | D:2      | Reached XP level 4. HP: 24/24 MP: 7/7
   707 | D:2      | HP: 6/24 [poisoned by an adder]
   711 | D:2      | HP: 2/24 [poisoned by an adder]
   825 | D:2      | HP: 6/24 [adder (3)]
   828 | D:2      | HP: 2/24 [poisoned by an adder]
   829 | D:2      | Succumbed to an adder's poison

Vanquished Creatures
  A sleepcap (D:2)
  3 adders (D:2)
  2 dart slugs (D:1)
  2 endoplasms
  A giant cockroach (D:1)
  2 goblins (D:1)
  4 hobgoblins (D:1)
  5 kobolds
  A ball python (D:1)
  4 rats
25 creatures vanquished.

Table legend:
 A = Non-vault XP
 B = Vault XP
 C = Vault XP percentage of total XP
 D = Non-vault monster count
 E = Vault monster count
 F = Vault count percentage of total count
                 A         B        C        D         E       F
            +---------+---------+-------+---------+---------+-------
      Total |      88 |      26 |  22.8 |      23 |       2 |   8.0
            +---------+---------+-------+---------+---------+-------
        D:1 |      33 |       0 |   0.0 |      18 |       0 |   0.0
        D:2 |      55 |      26 |  32.1 |       5 |       2 |  28.6
            +---------+---------+-------+---------+---------+-------

Skill      XL: |  1  2  3 |
---------------+----------+-----
Short Blades   | 2 |  2.6
Dodging        | 3 |  3.2
Stealth        | |  4.8
Spellcasting   | |  2.8
Hexes          | |  3.4

Action                     |  1- 3 |  4- 6 || total
---------------------------+-------+-------++-------
  Melee: Dagger            |    44 |    46 ||    90
         Punch             |     1 |       ||     1
   Cast: Ensorcelled Hiber |       |     3 ||     3
    Use: Potion            |       |     2 ||     2
   Stab: Sleeping          |     8 |     1 ||     9
         Invisible         |       |     2 ||     2
 Armour: Robe              |     4 |     8 ||    12
  Dodge: Dodged            |    21 |    38 ||    59

Illustrated notes

Table legend:
 A = Kills in this place as a percentage of kills in the entire game.
 B = Kills by you in this place as a percentage of kills by you in the entire game.
 C = Kills by friends in this place as a percentage of kills by friends in the entire game.
 D = Other kills in this place as a percentage of other kills in the entire game.
 E = Experience gained in this place as a percentage of experience gained in the entire game.
 F = Experience gained in this place divided by the number of levels of this place that you have seen.
                   A       B       C       D       E      F
               +-------+-------+-------+-------+-------+----------------------
         Total | 100.0 | 100.0 |   N/A |   N/A | 100.0 |  57.0
       Dungeon | 100.0 | 100.0 |   N/A |   N/A | 100.0 |  57.0
               +-------+-------+-------+-------+-------+----------------------

Table legend: (Time is in decaauts)
 A = Elapsed time spent in this place.
 B = Non-inter-level travel time spent in this place.
 C = Inter-level travel time spent in this place.
 D = Time resting spent in this place.
 E = Time spent auto-exploring this place.
 F = Levels seen in this place.
 G = Mean time per level.
                   A        B        C        D        E       F      G
               +--------+--------+--------+--------+--------+-----+--------+
         Total |    824 |    815 |      9 |     88 |    545 |   2 |  412.0 |
       Dungeon |    824 |    815 |      9 |     88 |    545 |   2 |  412.0 |
               +--------+--------+--------+--------+--------+-----+--------+

Top non-repeatable levels by time:
     D:1: 526 daAuts
     D:2: 297 daAuts
